 Dungeon Crawl Stone Soup version 0.29.1-2-gbd0b4ee654 (webtiles) character file.

Game seed: 3717771986918392473

30 concernfroge the Trooper (level 3, -1/30 HPs)
             Began as a Mummy Monk on Nov 26, 2022.
             Slain by Crazy Yiuf
             ... wielding a +3 quarterstaff of chaos
              (12 damage)
             ... on level 2 of the Dungeon.
             The game lasted 00:03:02 (1270 turns).

concernfroge the Trooper (Mummy Monk)               Turns: 1270, Time: 00:03:03

Health: -1/30      AC:  8    Str: 16    XL:     3   Next: 3%
Magic:  3/3        EV: 10    Int:  9    God:
Gold:   68         SH:  0    Dex: 14    Spells: 2/2 levels left

rFire   x . .      SeeInvis .   d - +0 quarterstaff
rCold   + . .      Faith    .   (shield currently unavailable)
rNeg    + + +      Spirit   .   c - +0 scale mail
rPois   ∞          Reflect  .   h - +1 helmet
rElec   .          Harm     .   (no cloak)
rCorr   .          Rampage  .   (no gloves)
Will    .....                   (no boots)
Stlth   ..........              (no amulet)
HPRegen 0.10/turn               (no ring)
MPRegen 0.08/turn               (no ring)

@: no status effects
A: cold resistance 1, negative energy resistance 3, torment resistance 2, heat
vulnerability 1, in touch with death 1, no potions
a: no special abilities


You were on level 2 of the Dungeon.
You visited 1 branch of the dungeon, and saw 2 of its levels.

You collected 68 gold pieces.

Inventory:

Hand Weapons
 a - a +0 spear
 d - a +0 quarterstaff (weapon)
Armour
 c - a +0 scale mail (worn)
 h - a +1 helmet (worn)
Scrolls
 f - a scroll of noise


   Skills:
 + Level 4.2 Fighting
 - Level 2.4 Polearms
 - Level 2.4 Dodging
 - Level 1.5 Stealth


You had 2 spell levels left.
You didn't know any spells.
Your spell library contained the following spells:

 Spells                   Type           Power      Damage    Failure   Level
 Dazzling Flash           Conj/Hex       0%         N/A       99%         3
 Gell's Gravitas          Tloc           0%         N/A       99%         3
 Portal Projectile        Hex/Tloc       0%         N/A       99%         3
 Teleport Other           Tloc           0%         N/A       99%         3
 Tukima's Dance           Hex            0%         N/A       99%         3
 Agony                    Necr           0%         N/A       100%        5
 Silence                  Hex/Air        0%         N/A       100%        5
 Dispersal                Tloc           0%         N/A       100%        6
 Blade Hands              Tmut           Unusable   N/A       N/A         5

Dungeon Overview and Level Annotations

Branches:
Dungeon (2/15)

Altars:

Annotations:
D:2 Crazy Yiuf


Innate Abilities, Weirdness & Mutations

You are immune to poison.
Your flesh is cold resistant. (rC+)
You are immune to negative energy. (rN+++)
You are immune to unholy pain and torment.
You are vulnerable to heat. (rF-)
You are in touch with the powers of death.
You do not drink.


Message History

Crazy Yiuf burns you.
* * * LOW HITPOINT WARNING * * *
As you read the scroll of fear, it crumbles to dust.
You assume a fearsome visage.
Crazy Yiuf looks frightened!
Crazy Yiuf gives up.
Throw: 5 darts (poison)
Press: ? - help, Q - select action Shift-Dir - straight line, f - Crazy Yiuf
Aim: Crazy Yiuf, wielding a +3 quarterstaff of chaos and wearing a +0 cloak (moderately wounded, fleeing, 64% to hit)
You throw a poisoned dart. The poisoned dart hits Crazy Yiuf.
Your attack snaps Crazy Yiuf out of his fear.
Crazy Yiuf is moderately wounded.
Throw: 4 darts (poison)
Press: ? - help, Q - select action Shift-Dir - straight line, f/p - Crazy Yiuf
Aim: Crazy Yiuf, wielding a +3 quarterstaff of chaos and wearing a +0 cloak (moderately wounded, 64% to hit)
You throw a poisoned dart.
The poisoned dart barely misses Crazy Yiuf.
Throw: 3 darts (poison)
Press: ? - help, Q - select action Shift-Dir - straight line, f/p - Crazy Yiuf
Aim: Crazy Yiuf, wielding a +3 quarterstaff of chaos and wearing a +0 cloak (moderately wounded, 64% to hit)
You throw a poisoned dart. The poisoned dart hits Crazy Yiuf.
Crazy Yiuf is poisoned.
Crazy Yiuf is moderately wounded.
Throw: 2 darts (poison)
Press: ? - help, Q - select action Shift-Dir - straight line, f/p - Crazy Yiuf
Aim: Crazy Yiuf, wielding a +3 quarterstaff of chaos and wearing a +0 cloak (moderately wounded, poisoned, 64% to hit)
You throw a poisoned dart. The poisoned dart hits Crazy Yiuf.
Crazy Yiuf is moderately wounded.
Crazy Yiuf looks more healthy.
Throw: dart (poison)
Press: ? - help, Q - select action Shift-Dir - straight line, f/p - Crazy Yiuf
Aim: Crazy Yiuf, wielding a +3 quarterstaff of chaos and wearing a +0 cloak (heavily wounded, 64% to hit)
You throw a poisoned dart.
The poisoned dart barely misses Crazy Yiuf.
You hit Crazy Yiuf but do no damage.
Crazy Yiuf is heavily wounded.
Crazy Yiuf barely misses you. Crazy Yiuf misses you.
You hit Crazy Yiuf.
Crazy Yiuf is severely wounded.
Crazy Yiuf hits you with a +3 quarterstaff of chaos!
You die...

#.# #.# #.# #.#
#.# #.# #.#
#.######## ##
#.@....... #.
###g######## #.
#...# #< #(### #.
#.# #. ##.##♣♣♣♣♣
#. #...#..♣(♣♣♣
### #.
#.......♣..♣#...#
#.
#.....)♣♣♣♣g'...#
###.


You could see Crazy Yiuf.

Vanquished Creatures
  3 endoplasms (D:1)
  2 giant cockroaches (D:1)
  3 goblins (D:1)
  4 hobgoblins
  A kobold (D:1)
  2 quokkas
  4 bats
  2 frilled lizards
  6 rats
27 creatures vanquished.

Notes
Turn   | Place    | Note
-------+----------+-------------------------------------------
     0 | D:1      | concernfroge the Mummy Monk began the quest for the Orb.
     0 | D:1      | Reached XP level 1. HP: 18/18 MP: 1/1
   247 | D:1      | Reached XP level 2. HP: 24/24 MP: 2/2
   603 | D:1      | Reached skill level 4 in Fighting
   932 | D:2      | Gained mutation: You are in touch with the powers of death.
                  | [Mummy growth]
   932 | D:2      | Reached XP level 3. HP: 23/30 MP: 3/3
  1235 | D:2      | Found a runed translucent door.
  1236 | D:2      | Noticed Crazy Yiuf
  1270 | D:2      | Slain by Crazy Yiuf

Illustrated notes

Levels and vault maps discovered:
D:1:      roderic_dead_forest, layout_basic, feat_on_display
D:2:      layout_loops_ring, minmay_misc_feat_enclosed, uniq_crazy_yiuf_cottage

Skill      XL: |  1  2 |
---------------+-------+-----
Fighting       | 4 |  4.2
Polearms       | |  2.4
Dodging        | |  2.4
Stealth        | |  1.5

Action                   || total
-------------------------++-------
Melee: Quarterstaff      ||    66
       Spear             ||     4
Throw: Dart              ||     5
  Use: Scroll            ||     5
Armor: Scale mail        ||    30
Dodge: Dodged            ||    39
